 Dungeon Crawl Stone Soup version 0.21.0-24-g2553a33 (webtiles) character file.

235 tidbits the Charmwright (level 6, -3/50 HPs)
             Began as a Gnoll Skald on Jan 20, 2018.
             Slain by an ogre
             ... wielding a +0 giant club
              (11 damage)
             ... on level 4 of the Dungeon.
             The game lasted 00:05:23 (587 turns).

tidbits the Charmwright (Gnoll Skald)                Turns: 587, Time: 00:05:23

Health: -3/50      AC:  0    Str: 13    XL:     6   Next: 5%
Magic:  5/22       EV: 15    Int: 23    God:
Gold:   99         SH:  0    Dex: 14    Spells: 4/15 levels left

rFire    . . .     SeeInvis .   a - +0 hand axe
rCold    . . .     Gourm    .   (no shield)
rNeg     . . .     Faith    .   (no armour)
rPois    .         Spirit   .   (no helmet)
rElec    .         Reflect  .   C - +1 cloak
rCorr    .         Harm     .   (no gloves)
MR       .....                  (no boots)
Stlth    ++........             (no amulet)
HPRegen  0.16/turn              j - ring of magical power
MPRegen  0.18/turn              k - -3 ring of protection (curse)

@: brilliant, infused, very slightly contaminated
A: distributed training, fangs 1, strong nose
a: no special abilities


You were on level 4 of the Dungeon.
You were not hungry.

You visited 1 branch of the dungeon, and saw 4 of its levels.

You collected 99 gold pieces.

Inventory:

Hand Weapons
 a - a +0 hand axe (weapon)
 e - a +0 dagger
 l - a +1 whip of electrocution
   (You found it on level 3 of the Dungeon)
Armour
 b - a +0 leather armour
 g - a +0 leather armour
 h - a +1 ring mail
 n - the +4 skin of Zhor {rC+++}
   (You found it on level 4 of the Dungeon)

   It renders you almost immune to cold.
 C - a +1 cloak (worn)
Jewellery
 j - a ring of magical power (left hand)
   (You found it on level 2 of the Dungeon)
 k - a cursed -3 ring of protection (right hand)
   (You found it on level 3 of the Dungeon)
Wands
 o - a wand of acid (10)
Scrolls
 m - a scroll of blinking {unknown}
Potions
 f - a potion of might
 i - a potion of curing
Books
 c - a book of Battle

   Spells                             Type                      Level
   a - Infusion                       Charms                       1
   b - Shroud of Golubria             Charms/Translocation         2
   c - Song of Slaying                Charms                       2
   d - Spectral Weapon                Hexes/Charms                 3
   e - Regeneration                   Charms/Necromancy            3
Comestibles
 d - a ration


   Skills:
 + Level 4.9 Fighting
 + Level 1.7 Short Blades
 + Level 1.7 Long Blades
 + Level 4.9 Axes
 + Level 1.7 Maces & Flails
 + Level 1.7 Polearms
 + Level 1.7 Staves
 + Level 1.7 Slings
 + Level 1.7 Bows
 + Level 1.7 Crossbows
 + Level 1.7 Throwing
 + Level 3.1 Armour
 + Level 4.9 Dodging
 + Level 1.7 Stealth
 + Level 1.7 Shields
 + Level 1.7 Unarmed Combat
 + Level 5.2 Spellcasting
 + Level 1.3 Conjurations
 + Level 1.3 Hexes
 + Level 5.6 Charms
 + Level 1.3 Summonings
 + Level 1.3 Necromancy
 + Level 1.3 Translocations
 + Level 1.3 Transmutations
 + Level 1.3 Fire Magic
 + Level 1.3 Ice Magic
 + Level 1.3 Air Magic
 + Level 1.3 Earth Magic
 + Level 1.3 Poison Magic
 + Level 1.9 Invocations
 + Level 1.7 Evocations


You had 4 spell levels left.
You knew the following spells:

 Your Spells              Type           Power        Failure   Level  Hunger
g - Shroud of Golubria    Chrm/Tloc      #####.....   1%          2    None
i - Infusion              Chrm           ####         1%          1    None
r - Regeneration          Chrm/Necr      #####.....   1%          3    ##.....
w - Spectral Weapon       Hex/Chrm       #####...     1%          3    ##.....
y - Song of Slaying       Chrm           #####...     1%          2    None


Dungeon Overview and Level Annotations

Branches:
Dungeon (4/15)
 Temple: D:4-7

Altars:
Dithmenos

Annotations:
D:4 Edmund


Innate Abilities, Weirdness & Mutations

Your experience applies equally to all skills.
You have very sharp teeth.
Your uncanny sense of smell can sniff out nearby items.


Message History

Unknown command.
You hit Ijyb but do no damage.
Your spectral weapon hits Ijyb!
Ijyb hits you. x2
Casting: Spectral Weapon
Confirm with . or Enter, or press ? or * to list all spells.
You begin infusing your attacks with magical energy.
Ijyb hits you but does no damage.
Unknown command.
You hit Ijyb.
Ijyb is heavily wounded.
You barely miss the adder skeleton.
Your spectral weapon barely misses Ijyb.
Your spectral weapon closely misses the adder skeleton.
The adder skeleton barely misses you. x2; Ijyb barely misses you.
You hit Ijyb but do no damage.
Ijyb is heavily wounded.
You hit the adder skeleton.
Your spectral weapon hits Ijyb but does no damage.
Your spectral weapon hits the adder skeleton.
The adder skeleton closely misses you. Ijyb closely misses you.
You hit Ijyb.
Ijyb is heavily wounded.
You hit the adder skeleton!
You destroy the adder skeleton!
Your spectral weapon hits Ijyb.
Ijyb closely misses your spectral weapon.
You barely miss Ijyb. Your bite misses Ijyb.
Ijyb is severely wounded.
Your spectral weapon barely misses Ijyb.
Ijyb misses you.
You hit Ijyb but do no damage.
Ijyb is severely wounded.
Your spectral weapon hits Ijyb but does no damage.
Ijyb hits you.
You closely miss Ijyb. You bite Ijyb, but do no damage.
Ijyb is severely wounded.
Your spectral weapon hits Ijyb but does no damage.
Ijyb barely misses you.
You hit Ijyb but do no damage. You bite Ijyb, but do no damage.
Ijyb is severely wounded.
Your spectral weapon closely misses Ijyb.
Ijyb hits you.
You slash Ijyb!
You kill Ijyb!
Things that are here:
a chain mail; a wand of acid (10); a green potion
o - a wand of acid (10);
p - a green potion Wear which item? (? for menu, Esc to quit)
Your spectral weapon fades away.
Keep disrobing?
You start removing your armour.
You continue taking off your +0 leather armour.
The hound barks!
You continue taking off your +0 leather armour. x2
The hound bites you but does no damage.
You continue taking off your +0 leather armour.
The hound completely misses you. The hound misses you.
You finish taking off your +0 leather armour.
Unknown command.
Casting: Infusion
Confirm with . or Enter, or press ? or * to list all spells.
You draw out your weapon's spirit!
The ogre shouts!
The hound bites you.
Unknown command.
You hit the hound.
The hound is moderately wounded.
Your spectral weapon barely misses the hound.
The hound closely misses you. The hound barely misses you.
You closely miss the hound. Your bite misses the hound.
The hound is moderately wounded.
Your spectral weapon hits the hound.
The hound bites you. x2
Unknown command.
You closely miss the hound.
The hound is heavily wounded.
Your spectral weapon closely misses the hound.
The hound bites you.
* * * LOW HITPOINT WARNING * * *
The ogre hits you with a giant club!
* * * LOW HITPOINT WARNING * * *
Unknown command.
It was a potion of brilliance.
You feel clever all of a sudden. The hound completely misses you.
The hound barely misses you.
You closely miss the hound.
The hound is heavily wounded.
You hit the ogre.
Your spectral weapon closely misses the hound.
The ogre barely misses you. The hound bites you.
* * * LOW HITPOINT WARNING * * *
You hit the hound. Your bite misses the hound.
The hound is severely wounded.
You hit the ogre!
Your spectral weapon hits the hound!
You kill the hound!
You have reached level 6!
Your experience leads to an increase in your attributes!
Your base attributes are Str 13, Int 17, Dex 14.
Increase (S)trength, (I)ntelligence, or (D)exterity?
You feel clever. The ogre hits you with a giant club!
You die...

#........# #.#§§§#
#........####.#§#§#
#........##.§§§_§§§
..####.......#§#§#§#
# #......###§§§#
#......##.#§###
#......##.....# ...
#####$### ###
#..@..$.# #.(†O...#
#.......# #####.###
#.# #.# #.# ..


You could see an ogre and a friendly spectral hand axe.

Vanquished Creatures
  An ogre (D:4)
  A hound (D:4)
  Ijyb (D:4)
  A worker ant (D:4)
  2 adders
  2 oozes
  An adder skeleton (D:4)
  2 worms
  A dart slug (D:1)
  A leopard gecko (D:3)
  2 orcs (D:3)
  A ball python (D:4)
  2 goblins
  3 hobgoblins
  2 jackals (D:4)
  3 kobolds
  3 bats
  3 frilled lizards
  2 rats
34 creatures vanquished.

Notes
Turn   | Place    | Note
-------+----------+-------------------------------------------
     0 | D:1      | tidbits the Gnoll Skald began the quest for the Orb.
     0 | D:1      | Reached XP level 1. HP: 20/20 MP: 6/6
    38 | D:1      | Reached XP level 2. HP: 24/26 MP: 2/7
    42 | D:1      | Learned a level 2 spell: Song of Slaying
    45 | D:1      | Learned a level 2 spell: Shroud of Golubria
   173 | D:2      | Reached XP level 3. HP: 31/31 MP: 4/9
   175 | D:2      | Reached skill level 5 in Spellcasting
   180 | D:2      | Learned a level 3 spell: Regeneration
   184 | D:2      | Learned a level 3 spell: Spectral Weapon
   295 | D:4      | Noticed an ogre
   299 | D:4      | Killed an ogre
   299 | D:4      | Reached skill level 1 in Short Blades
   299 | D:4      | Reached skill level 1 in Long Blades
   299 | D:4      | Reached skill level 1 in Maces & Flails
   299 | D:4      | Reached skill level 1 in Polearms
   299 | D:4      | Reached skill level 1 in Staves
   299 | D:4      | Reached skill level 1 in Slings
   299 | D:4      | Reached skill level 1 in Bows
   299 | D:4      | Reached skill level 1 in Crossbows
   299 | D:4      | Reached skill level 1 in Throwing
   299 | D:4      | Reached skill level 1 in Stealth
   299 | D:4      | Reached skill level 1 in Shields
   299 | D:4      | Reached skill level 1 in Unarmed Combat
   299 | D:4      | Reached skill level 1 in Conjurations
   299 | D:4      | Reached skill level 1 in Hexes
   299 | D:4      | Reached skill level 1 in Summonings
   299 | D:4      | Reached skill level 1 in Necromancy
   299 | D:4      | Reached skill level 1 in Translocations
   299 | D:4      | Reached skill level 1 in Transmutations
   299 | D:4      | Reached skill level 1 in Fire Magic
   299 | D:4      | Reached skill level 1 in Ice Magic
   299 | D:4      | Reached skill level 1 in Air Magic
   299 | D:4      | Reached skill level 1 in Earth Magic
   299 | D:4      | Reached skill level 1 in Poison Magic
   299 | D:4      | Reached skill level 1 in Invocations
   299 | D:4      | Reached skill level 1 in Evocations
   299 | D:4      | Reached XP level 4. HP: 38/38 MP: 5/11
   299 | D:4      | Reached XP level 5. HP: 43/43 MP: 5/12
   308 | D:4      | HP: 3/43 [worker ant/exploding inner flame[the player character] (40)]
   314 | D:4      | Noticed Edmund
   452 | D:2      | Reached skill level 3 in Armour
   549 | D:4      | Found a shadowy altar of Dithmenos.
   551 | D:4      | Found the +4 skin of Zhor {rC+++}
   558 | D:4      | Noticed Ijyb
   573 | D:4      | Killed Ijyb
   581 | D:4      | Noticed an ogre
   587 | D:4      | Reached XP level 6. HP: 8/50 MP: 5/13
   587 | D:4      | Slain by an ogre

Skill      XL: |  1  2  3  4  5 |
---------------+----------------+-----
Spellcasting   | 5 |  5.2
Short Blades   | 1 |  1.7
Long Blades    | 1 |  1.7
Maces & Flails | 1 |  1.7
Polearms       | 1 |  1.7
Staves         | 1 |  1.7
Slings         | 1 |  1.7
Bows           | 1 |  1.7
Crossbows      | 1 |  1.7
Throwing       | 1 |  1.7
Stealth        | 1 |  1.7
Shields        | 1 |  1.7
Unarmed Combat | 1 |  1.7
Conjurations   | 1 |  1.3
Hexes          | 1 |  1.3
Summonings     | 1 |  1.3
Necromancy     | 1 |  1.3
Translocations | 1 |  1.3
Transmutations | 1 |  1.3
Fire Magic     | 1 |  1.3
Ice Magic      | 1 |  1.3
Air Magic      | 1 |  1.3
Earth Magic    | 1 |  1.3
Poison Magic   | 1 |  1.3
Invocations    | 1 |  1.9
Evocations     | 1 |  1.7
Armour         | 3 |  3.1
Fighting       | |  4.9
Axes           | |  4.9
Dodging        | |  4.9
Charms         | |  5.6

Action                   |  1- 3 |  4- 6 || total
-------------------------+-------+-------++-------
Melee: Hand axe          |    24 |    38 ||    62
       Bite              |     3 |     3 ||     6
       Punch             |       |     1 ||     1
 Cast: Infusion          |     6 |     2 ||     8
       Spectral Weapon   |     3 |     6 ||     9
       Regeneration      |       |     2 ||     2
       Shroud of Golubri |       |     1 ||     1
  Use: Potion            |     2 |     2 ||     4
       Scroll            |     1 |     1 ||     2
 Stab: Sleeping          |       |     1 ||     1
  Eat: Ration            |       |     1 ||     1
Armor: Leather armour    |     2 |     6 ||     8
Dodge: Dodged            |    11 |    36 ||    47

Table legend:
 A = Turns spent in this place as a percentage of turns spent in the entire game.
 B = Non-inter-level travel turns spent in this place as a percentage of non-inter-level travel turns spent in the entire game.
 C = Inter-level travel turns spent in this place as a percentage of turns spent in this place.
 D = Turns resting spent in this place as a percentage of non-inter-level travel turns spent in this place.
 E = Turns spent auto-exploring this place as a percentage of non-inter-level travel turns spent in this place.
 F = Non-inter-level travel turns spent in this place divided by the number of levels of this place that you've seen.
                   A       B       C       D       E      F
               +-------+-------+-------+-------+-------+----------------------
         Total | 100.0 | 100.0 |   0.0 |   0.0 |   0.0 | 146.8
       Dungeon | 100.0 | 100.0 |   0.0 |   0.0 |   0.0 | 146.8
               +-------+-------+-------+-------+-------+----------------------

Table legend:
 A = Kills in this place as a percentage of kills in entire the game.
 B = Kills by you in this place as a percentage of kills by you in the entire game.
 C = Kills by friends in this place as a percentage of kills by friends in the entire game.
 D = Other kills in this place as a percentage of other kills in the entire game.
 E = Experience gained in this place as a percentage of experience gained in the entire game.
 F = Experience gained in this place divided by the number of levels of this place that you have seen.
                   A       B       C       D       E      F
               +-------+-------+-------+-------+-------+----------------------
         Total | 100.0 | 100.0 |   N/A |   N/A | 100.0 |  84.0
       Dungeon | 100.0 | 100.0 |   N/A |   N/A | 100.0 |  84.0
               +-------+-------+-------+-------+-------+----------------------

Vault maps used:
D:1:      lightli_arrival_farm
D:2:      minmay_pentomino_x4
D:3:      first_ration
D:4:      marbit_many_paths, grunt_dithmenos_smoke_and_mirrors, uniq_edmund,
          uniq_ijyb, uniq_natasha
